 Dungeon Crawl Stone Soup version 0.30.0-13-g156ef70053 (webtiles) character file.

Game seed: 14304952802940698741

188 SnakkuSnakku7 the Insei (level 5, 0/28 HPs)
             Began as a Vine Stalker Hexslinger on May 18, 2023.
             Splashed by a jelly's acid (2 damage)
             ... on level 4 of the Dungeon.
             The game lasted 00:03:32 (2668 turns).

SnakkuSnakku7 the Insei (Vine Stalker Hexslinger)   Turns: 2668, Time: 00:03:33

Health: 0/28       AC: -6    Str: 14    XL:     5   Next: 67%
Magic:  0/7        EV: 10    Int: 13    God:
Gold:   60         SH:  0    Dex: 15    Spells: 5/6 levels left

rFire   . .          .
                       - Unarmed
rCold   . . .        (no shield)
rNeg    . . .        h - +0 ring mail
rPois   .            (no helmet)
rElec   .            (no cloak)
rCorr   .            s - +0 pair of gloves
SInv    .            (no boots)
Will    .....        (no amulet)
Stlth   +            (no ring)
HPRegen 1.04/turn    (no ring)
MPRegen 0.10/turn

%: guardian spirit
@: corroded
A: fangs 2, regeneration 1, magic shield, antimagic bite, no potion heal 2
a: no special abilities


You were on level 4 of the Dungeon.
You visited 1 branch of the dungeon, and saw 4 of its levels.

You collected 74 gold pieces.
You spent 14 gold pieces at shops.

Inventory:

Hand Weapons
 a - a +1 sling
Armour
 c - a +0 robe
 h - a +0 ring mail (worn)
 s - a +0 pair of gloves (worn)
Scrolls
 b - 2 scrolls of poison
 e - 3 scrolls of noise {unknown}
 f - 2 scrolls of fear {unknown}
 k - 2 scrolls of vulnerability {unknown}
 l - 2 scrolls of fog {unknown}
 o - a scroll of magic mapping {unknown}
 p - a scroll of amnesia {unknown}
 q - a scroll of identify {unknown}
 r - a scroll of summoning {unknown}
Potions
 d - 2 potions of might {unknown}
 g - a potion of resistance {unknown}
 i - 2 potions of cancellation {unknown}
 j - a potion of ambrosia {unknown}
 m - a potion of curing {unknown}
 n - a potion of invisibility {unknown}
 t - a potion of magic {unknown}


   Skills:
 + Level 3.4 Fighting
 - Level 1.7 Ranged Weapons
 - Level 1.5 Dodging
 + Level 3.5 Unarmed Combat
 - Level 1.1 Spellcasting
 - Level 3.0 Hexes


You had 5 spell levels left.
You knew the following spells:

 Your Spells              Type           Power      Damage    Failure   Level
a - Slow                  Hex            32%        N/A       17%         1

Your spell library contained the following spells:

 Spells                   Type           Power      Damage    Failure   Level
 Confusing Touch          Hex            8%         N/A       45%         3
 Dazzling Flash           Conj/Hex       8%         N/A       67%         3
 Inner Flame              Hex/Fire       4%         N/A       67%         3
 Portal Projectile        Hex/Tloc       8%         N/A       67%         3
 Vampiric Draining        Necr           0%         2d6       86%         3
 Volatile Blastmotes      Fire/Tloc      0%         2d10      86%         3
 Cause Fear               Hex            4%         N/A       86%         4
 Iskenderun's Mystic Bla  Conj/Tloc      0%         2d3       99%         4
 Starburst                Conj/Fire      0%         6d3       100%        6


Dungeon Overview and Level Annotations

Branches:
Dungeon (4/15)
 Temple: D:4-7

Altars:
Trog
Wu Jian
Yredelemnul

Shops:
D:1 *(!=!


Innate Abilities, Weirdness & Mutations

You have extremely sharp teeth.
Your natural rate of healing is unusually fast.
When hurt, damage is shared between your health and your magic reserves.
Your bite disrupts and absorbs the magic of your enemies.
Potions cannot restore your health.


Message History

The ball python barely misses you. The ball python grabs you.
The ball python constricts you.
You closely miss the ball python.
The ball python bites you but does no damage. x2
The ball python constricts you.
You barely miss the ball python. Your bite misses the ball python.
The ball python bites you but does no damage.
The ball python barely misses you. The ball python constricts you.
You hit the ball python.
You kill the ball python!
The ball python closely misses you. x2; The ball python barely misses you.
The ball python grabs you. The ball python constricts you.
You hit the ball python.
You kill the ball python!
You completely miss the jelly. The jelly barely misses you.
You hit the jelly.
Your hands burn!
The jelly is moderately wounded.
The jelly hits you but does no damage.
You hit the jelly. The acid corrodes you!
Your hands burn!
The jelly is heavily wounded.
The jelly completely misses you.
You hit the jelly.
Your hands burn!
The jelly is heavily wounded.
The jelly hits you. The acid corrodes you!
You are splashed with acid!
You hit the jelly.
Your hands burn!
The jelly is severely wounded.
The jelly hits you.
You are splashed with acid!
You are too injured to fight recklessly!
You are too injured to fight recklessly!
You aren't carrying any items that you can evoke.
Unknown command.
You hit the jelly. The acid corrodes you!
Your hands burn!
* * * LOW HITPOINT WARNING * * *
The jelly is severely wounded.
The jelly hits you.
* * * LOW HITPOINT WARNING * * *
The acid corrodes you!
You are splashed with acid.
* * * LOW HITPOINT WARNING * * *
You hit the jelly but do no damage.
Your hands burn!
You die...

#.......##............
#.....................
#....#............#...
#....###.........)#...
#................
##............##.
#..#.........#
#.†#...........
#.@J.........##
#######.....# ......
..... $... ...


You could see a jelly.

Vanquished Creatures
  A hound (D:4)
  An iguana (D:4)
  A hound zombie (D:3)
  4 adders
  2 worms (D:4)
  2 dart slugs
  3 endoplasms
  A giant cockroach (D:4)
  4 goblins
  6 hobgoblins
  4 jackals (D:3)
  6 kobolds
  2 quokkas
  10 ball pythons
  9 bats
  7 frilled lizards
  A giant cockroach zombie (D:3)
  A quokka zombie (D:3)
  9 rats
74 creatures vanquished.

Notes
Turn   | Place    | Note
-------+----------+-------------------------------------------
     0 | D:1      | SnakkuSnakku7 the Vine Stalker Hexslinger began the quest
                  | for the Orb.
     0 | D:1      | Reached XP level 1. HP: 9/9 MP: 3/3
    30 | D:1      | Reached skill level 1 in Fighting
   121 | D:1      | Reached skill level 1 in Unarmed Combat
   121 | D:1      | Reached XP level 2. HP: 12/14 MP: 1/4
   174 | D:1      | Found Zoevusta's Weapon Emporium.
   176 | D:1      | Found Fir Geic's Assorted Antiques.
   692 | D:1      | Found Coepnaf's Distillery.
   698 | D:1      | Bought a potion of degeneration for 14 gold pieces
   844 | D:1      | Found Umocsar's Distillery.
   892 | D:1      | Reached XP level 3. HP: 15/18 MP: 5/5
   934 | D:1      | Found Ciuziubec's Jewellery Shoppe.
  1013 | D:2      | Found a faded altar of an unknown god.
  1509 | D:3      | Gained mutation: Your natural rate of healing is unusually
                  | fast. [Vine Stalker growth]
  1509 | D:3      | Reached XP level 4. HP: 23/23 MP: 6/6
  1522 | D:3      | Found a basalt altar of Yredelemnul.
  1641 | D:3      | Found a bloodstained altar of Trog.
  1770 | D:3      | Found an ornate altar of the Wu Jian Council.
  1846 | D:3      | You fall into a shaft and drop 1 floor!
  2542 | D:4      | Reached XP level 5. HP: 25/28 MP: 4/7
  2668 | D:4      | Splashed by a jelly's acid

Illustrated notes

Levels and vault maps discovered:
D:1:      minmay_arrival_cross, layout_basic, serial_shops,
          nicolae_shop_real_fake_doors, shop, nicolae_shop_back_alley_shop,
          shop, shop
D:2:      layout_loops_ring, basic_ecumenical_altar, kennysheep_generic_room_11
D:3:      layout_basic, nicolae_yredelemnul_corpse_copse,
          mainiacjoe_overflow_chevrons, lemuel_doored_altar
D:4:      layout_cave_pools, dk_noncrumbling_2

Skill      XL: |  1  2  3  4  5 |
---------------+----------------+-----
Fighting       | 1 2 3 |  3.4
Unarmed Combat | 1 2 3 |  3.5
Ranged Weapons | |  1.7
Dodging        | |  1.5
Spellcasting   | |  1.1
Hexes          | |  3.0

Action                     |  1- 3 |  4- 6 || total
---------------------------+-------+-------++-------
  Melee: Unarmed           |    92 |   148 ||   240
         Bite              |    20 |    39 ||    59
         Punch             |     4 |     4 ||     8
   Fire: Sling             |    27 |       ||    27
   Stab: Sleeping          |     1 |       ||     1
 Armour: Robe              |     7 |       ||     7
         Ring mail         |    34 |    55 ||    89
  Dodge: Dodged            |    58 |    93 ||   151
